 Dungeon Crawl Stone Soup version 0.18.1-6-gd335043 (webtiles) character file.

28 m0ast the Charmwright (level 3, 0/29 HPs)
             Began as a Ghoul Skald on May 17, 2016.
             Slain by a jackal (3 damage)
             ... on level 1 of the Dungeon.
             The game lasted 00:03:14 (515 turns).

m0ast the Charmwright (Ghoul Skald)                  Turns: 515, Time: 00:03:15

Health: 0/29       AC:  3    Str: 16    XL:     3   Next: 12%
Magic:  2/5        EV: 11    Int:  7    God:
Gold:   6          SH:  0    Dex:  8    Spells: 1 memorised, 5 levels left

rFire  . . .     SeeInvis .       - Unarmed
rCold  + . .     Gourm    .     a - +0 leather armour
rNeg   + + +     Faith    .     (no shield)
rPois  ∞         Spirit   .     (no helmet)
rElec  .         Dismiss  .     (no cloak)
rCorr  .         Reflect  .     (no gloves)
SustAt .         Harm     .     (no boots)
MR     .....                    (no amulet)
Stlth  +.........               (no ring)
                                (no ring)

@: infused (expiring), very slightly contaminated, rotting, not resistant to
hostile enchantments, very unstealthy
A: rotting body, claws 1, carnivore 3, cold resistance 1, negative energy
resistance 3, slow regeneration 1, torment resistance, unbreathing
a: no special abilities


You were on level 1 of the Dungeon.
You were not hungry.

You visited 1 branch of the dungeon, and saw 1 of its levels.

You collected 6 gold pieces.

Inventory:

Armour
 a - a +0 leather armour (worn)
Scrolls
 d - a scroll of identify {unknown}
 e - a scroll of recharging {unknown}
 g - a scroll of enchant weapon {unknown}
Books
 b - a book of Battle

   Spells                             Type                      Level
   a - Infusion                       Charms                       1
   b - Shroud of Golubria             Charms/Translocation         2
   c - Song of Slaying                Charms                       2
   d - Spectral Weapon                Hexes/Charms                 3
   e - Regeneration                   Charms/Necromancy            3
Comestibles
 c - a meat ration
 f - 2 chunks of flesh


   Skills:
 + Level 2.1 Fighting
 + Level 1.3 Armour
 * Level 1.2 Dodging
 + Level 0.8 Stealth
 * Level 2.5 Unarmed Combat
 + Level 2.0 Spellcasting
 + Level 2.9 Charms


You had 5 spell levels left.
You knew the following spells:

 Your Spells              Type           Power        Failure   Level  Hunger
a - Infusion              Chrm           #...         17%         1    ##.....


Dungeon Overview and Level Annotations

Branches:
Dungeon (1/15)

Altars:


Innate Abilities, Weirdness & Mutations

Your body is rotting away.
You thrive on raw meat.
You are immune to poison.
You have sharp fingernails.
You are carnivorous and can eat meat at any time.
Your flesh is cold resistant.
You are immune to negative energy.
You regenerate slowly when monsters are visible.
You are immune to unholy pain and torment.
You can survive without breathing.


Message History

Things that are here:
a stone; a jackal corpse The kobold throws a stone.
The stone hits you.
* * * LOW HITPOINT WARNING * * *
You see here a stone.
The jackal barks!
Casting: Infusion
Confirm with . or Enter, or press ? or * to list all spells.
You begin infusing your attacks with magical energy.
A jackal comes into view.
The jackal barks!
You claw the jackal!
You kill the jackal!
You barely miss the kobold. The kobold closely misses you.
You claw the kobold!
You kill the kobold!
The jackal barely misses you.
Your magical infusion is running out.
The jackal bites you.
You die...

#.........≈8#≈.#.≈#.§§.#.#
#.........≈.#≈.#.≈#.§§.#.#[
#.........≈.#≈...≈#.≈≈.#.#.
#......(..≈8#≈≈≈≈≈#.§≈.#.#8
#.........≈.##############.
#.........≈..8..........8..
#.........≈≈≈≈≈≈≈≈≈≈≈≈≈≈≈≈≈
####..###h########.........
#...# #.@..# #..##.....
##.(## ####.######...(.(..
#..## #..(((.K....>...
##..# ######.##.#..#..
#...# ######.....##....#..
#...## #......##.......h...
#....###.######..#####...#.
##.##.....# ..## #.....
#......#### #.# ......


You could see a jackal.

Vanquished Creatures
  A dart slug (D:1)
  A giant cockroach (D:1)
  2 goblins (D:1)
  10 jackals (D:1)
  3 kobolds (D:1)
  A bat (D:1)
  2 giant newts (D:1)
  3 rats (D:1)
23 creatures vanquished.

Notes
Turn   | Place    | Note
--------------------------------------------------------------
     0 | D:1      | m0ast the Ghoul Skald began the quest for the Orb.
     0 | D:1      | Reached XP level 1. HP: 17/17 MP: 2/2
    56 | D:1      | Reached skill level 1 in Dodging
   264 | D:1      | Reached skill level 1 in Armour
   264 | D:1      | Reached XP level 2. HP: 24/24 MP: 3/3
   431 | D:1      | Reached XP level 3. HP: 7/29 MP: 0/5
   441 | D:1      | HP: 1/29 [jackal (2)]
   515 | D:1      | Slain by a jackal

Skill      XL: |  1  2 |
---------------+-------+-----
Dodging        | 1 |  1.2
Armour         | 1 |  1.3
Spellcasting   | 2 |  2.0
Fighting       | |  2.1
Stealth        | |  0.8
Unarmed Combat | |  2.5
Charms         | |  2.9

Action                   || total
-------------------------++-------
Melee: Unarmed           ||    75
 Cast: Infusion          ||     5
  Eat: Chunk             ||     2
Armor: Leather armour    ||    16
Dodge: Dodged            ||    47
